 Seeded DCSS version 0.30.0-10-gfe55d96785 (webtiles) character file.

Game seed: 8095163384970522595 (custom seed)

102239 Pimp the Stormcaller (level 16, -6/101 HPs)
             Began as a Tengu Hunter on May 15, 2023.
             Was a High Priest of Vehumet.
             Mangled by a white ugly thing (21 damage)
             ... on level 14 of the Dungeon.
             The game lasted 01:39:12 (28178 turns).

Pimp the Stormcaller (Tengu Hunter)                Turns: 28178, Time: 01:39:14

Health: -6/101     AC: 11    Str: 12    XL:     16   Next: 32%
Magic:  25/30      EV: 28    Int: 22    God:    Vehumet [*****.]
Gold:   1285       SH:  5    Dex: 27    Spells: 8/34 levels left

rFire   . . .        j - +10 falchion "Xixon" {vamp, rPois Int+3}
rCold   . . .        (no shield)
rNeg    . . .        P - +2 acid dragon scales
rPois   +            T - +0 hat {Will+}
rElec   .            m - +0 cloak
rCorr   +            I - +2 pair of gloves {infuse}
SInv    .            (boots unavailable)
Will    +++..        x - amulet "Ditran" {Reflect rCorr Int+6 Dex-5 Slay+2 SH+5}
Stlth   +++          f - +6 ring of dexterity
HPRegen 0.36/turn    p - +6 ring of dexterity
MPRegen 0.22/turn

%: reflection, infuse magic (1 MP)
@: corroded, flying quickly and evasively, quick
A: beak, talons 3, nimble flight, strong-willed 1, shaggy fur 1, weak 1
a: Renounce Religion


You were on level 14 of the Dungeon.
You worshipped Vehumet.
Vehumet was extremely pleased with you.
You visited 4 branches of the dungeon, and saw 23 of its levels.
You also visited: Ossuary and Ice Cave.

You collected 2361 gold pieces.
You spent 1076 gold pieces at shops.

Inventory:

Hand Weapons
 a - a +1 heavy shortbow
 j - the +10 falchion "Xixon" (weapon) {vamp, rPois Int+3}
   (You found it on level 2 of the Dungeon)

   Int:       It affects your intelligence (+3).
   rPois:     It protects you from poison.
 t - a +1 longbow of chaos
 A - the +3 spear "Limumout" {holy, rF+++ Str+3 Int+3 Stlth-}
   (You took it off Sigmund on level 2 of the Dungeon)

   Str:       It affects your strength (+3).
   Int:       It affects your intelligence (+3).
   rF:        It renders you almost immune to fire.
   Stlth:     It makes you less stealthy.
 U - a +2 long sword of flaming
 W - the +6 great sword of Ceoss {speed, *Slow rC+ SInv}
   (You bought it in a shop on level 2 of the Orcish Mines)

   rC:        It protects you from cold.
   SInv:      It lets you see invisible.
   *Slow:     It may slow you when you take damage.
 X - a +4 double sword of holy wrath
Missiles
 K - a throwing net
Armour
 m - a +0 cloak (worn)
 I - a +2 pair of gloves of infusion (worn)
 P - +2 acid dragon scales (worn)
 T - a +0 hat of willpower (worn)
Jewellery
 d - a ring of magical power
 f - a +6 ring of dexterity (left hand)
 g - a ring of protection from fire
 i - a ring of wizardry
 p - a +6 ring of dexterity (right hand)
 v - a ring of protection from fire
 w - an amulet of guardian spirit
 x - the amulet "Ditran" (around neck) {Reflect rCorr Int+6 Dex-5 Slay+2 SH+5}
   (You found it on level 1 of the Lair of Beasts)

   [amulet of reflection]

   It reflects blocked missile attacks.
   Int:       It affects your intelligence (+6).
   Dex:       It affects your dexterity (-5).
   Slay:      It affects your accuracy & damage with ranged weapons and melee
   (+2).
   rCorr:     It protects you from acid and corrosion.
   SH:        It affects your SH (+5).
 y - a +5 ring of evasion
 D - a ring of protection from fire
 E - a +6 ring of intelligence
 O - a ring of magical power
Wands
 c - a wand of mindburst (9)
 F - a wand of roots (21) (quivered)
 H - a wand of flame (40)
 J - a wand of polymorph (5)
 V - a wand of light (5)
Scrolls
 e - 3 scrolls of amnesia
 h - 11 scrolls of teleportation
 n - a scroll of silence
 G - 5 scrolls of poison
 L - 4 scrolls of fear
 N - 9 scrolls of identify
 Q - a scroll of butterflies
 R - a scroll of blinking
 Y - a scroll of magic mapping
Potions
 b - 6 potions of lignification
 k - 7 potions of curing
 l - 3 potions of haste
 q - 4 potions of brilliance
 r - 5 potions of attraction
 s - 4 potions of cancellation
 u - a potion of invisibility
 B - 2 potions of flight
 C - a potion of ambrosia
 M - a potion of berserk rage
Miscellaneous
 S - a condenser vane


   Skills:
 + Level 11.8 Fighting
 - Level 11.7 Long Blades
 - Level 6.7 Ranged Weapons
 - Level 6.3 Armour
 - Level 13.5 Dodging
 - Level 5.4 Stealth
 + Level 9.5 Spellcasting
 + Level 13.5 Conjurations
 * Level 16.6 Air Magic


You had 8 spell levels left.
You knew the following spells:

 Your Spells              Type           Power      Damage    Failure   Level
a - Shock                 Conj/Air       100%       1d9       0%          1
b - Arcjolt               Conj/Air       33%        1d43      1%          5
c - Flame Wave            Conj/Fire      40%        2d11      1%          4
d - Foxfire               Conj/Fire      100%       2x1d9     1%          1
e - Airstrike             Air            35%        2d(5-21)  1%          4
f - Conjure Ball Lightni  Conj/Air       33%        3x3d11    1%          6
g - Iskenderun's Battles  Conj           63%        2d11      1%          5

Your spell library contained the following spells:

 Spells                   Type           Power      Damage    Failure   Level
 Magic Dart               Conj           100%       1d8       1%          1
 Poisonous Vapours        Pois/Air       94%        N/A       1%          2
 Searing Ray              Conj           100%       2d8       1%          2
 Dazzling Flash           Conj/Hex       80%        N/A       1%          3
 Hailstorm                Conj/Ice       40%        3d10      1%          3
 Stone Arrow              Conj/Erth      80%        3d12      1%          3
 Fulminant Prism          Conj/Hex       20%        3d12      1%          4
 Iskenderun's Mystic Bla  Conj/Tloc      40%        2d9       1%          4
 Sticky Flame             Conj/Fire      40%        2d6       1%          4
 Freeze                   Ice            40%        1d6       2%          1
 Fireball                 Conj/Fire      20%        3d10      4%          5
 Frozen Ramparts          Ice            20%        1d4       7%          3
 Inner Flame              Hex/Fire       10%        N/A       7%          3
 Volatile Blastmotes      Fire/Tloc      20%        2d11      7%          3
 Apportation              Tloc           20%        N/A       9%          1
 Necrotise                Necr           40%        1d6       9%          1
 Slow                     Hex            40%        N/A       9%          1
 Sting                    Tmut/Pois      40%        1d5       9%          1
 Summon Small Mammal      Summ           40%        N/A       9%          1
 Plasma Beam              Fire/Air       23%        2x1d39    12%         6
 Olgreb's Toxic Radiance  Pois           10%        N/A       22%         4
 Starburst                Conj/Fire      20%        6d7       22%         6
 Confusing Touch          Hex            10%        N/A       26%         3
 Gell's Gravitas          Tloc           10%        N/A       26%         3
 Portal Projectile        Hex/Tloc       20%        N/A       26%         3
 Teleport Other           Tloc           10%        N/A       26%         3
 Tukima's Dance           Hex            10%        N/A       26%         3
 Vampiric Draining        Necr           10%        2d6       26%         3
 Lee's Rapid Deconstruct  Erth           5%         3d6*      50%         5
 Animate Armour           Summ/Erth      20%        N/A       65%         4
 Blade Hands              Tmut           5%         N/A       94%         5
 Summon Forest            Summ/Tloc      5%         N/A       94%         5
 Summon Mana Viper        Hex/Summ       10%        N/A       94%         5
 Dispersal                Tloc           5%         N/A       100%        6
 Summon Cactus Giant      Summ           5%         N/A       100%        6
 Lehudib's Crystal Spear  Conj/Erth      20%        10d6      100%        8


Dungeon Overview and Level Annotations

Branches:
Dungeon (15/15)            Temple (1/1) D:5            Lair (5/5) D:9
 Shoals (0/4) Lair:2       Spider (0/4) Lair:3        Slime (0/5) Lair:4
    Orc (2/2) D:12            Elf (0/3) Orc:2        Vaults (0/5) D:13
 Depths (0/4) D:15        Ossuary (visited)           IceCv (visited)

Altars:
Ashenzari
Cheibriados
Dithmenos
Elyvilon
Fedhas
Gozag
Hepliaklqana
Kikubaaqudgha
Makhleb
Nemelex Xobeh
Okawaru
Qazlal
Ru
Sif Muna
Trog
Uskayaw
Vehumet
Wu Jian
Xom
Yredelemnul
Zin
The Shining One

Shops:
D:12 (   Orc:2 ?*(?

Annotations:
D:7 3 runed translucent doors, pigah's ghost, novice OpAE


Innate Abilities, Weirdness & Mutations

You have a beak for a mouth.
You have claws for feet.
Your magical nature lets you fly swiftly and evasively.
You are strong-willed. (Will+)
You are covered in fur. (AC +1)
You are weak. (Str -2)


Message History

You barely miss the manticore. The brown ugly thing engulfs you.
You are splashed with acid.
You resist. You block the manticore's attack.
The manticore completely misses you. You block the manticore's attack.
You hit the manticore.
You feel better.
You claw the manticore! Your peck misses the manticore.
You punch the manticore, but do no damage.
The manticore is moderately wounded.
The brown ugly thing trunk-slaps you.
You are splashed with acid.
You resist.
* * * LOW HITPOINT WARNING * * *
The brown ugly thing closely misses you.
You slice the manticore!!
You feel better.
You claw the manticore.
You peck the manticore, but do no damage.
The manticore is severely wounded.
The manticore closely misses you. The manticore misses you.
The manticore barely misses you.
You slice the manticore!!
You feel better.
You kill the manticore!
Vehumet accepts your kill.
You feel your power returning. The brown ugly thing engulfs you.
The acid corrodes you!
You are splashed with acid.
You resist. The brown ugly thing barely misses you.
The brown ugly thing attacks as you move away!
You block the brown ugly thing's attack.
Found 25 gold pieces.
Found a sling.
The white ugly thing attacks as you move away!
The white ugly thing tentacle-slaps you.
The white ugly thing freezes you!
* * * LOW HITPOINT WARNING * * *
The brown ugly thing attacks as you move away!
The brown ugly thing barely misses you.
Found 3 curare-tipped darts, 5 stones and a scroll of vulnerability.
You slash the brown ugly thing!
You feel better.
You claw the brown ugly thing, but do no damage.
The brown ugly thing is moderately wounded.
The brown ugly thing basks in the mutagenic energy from its kin and changes! x2
The white ugly thing tentacle-slaps you!
* * * LOW HITPOINT WARNING * * *
The white ugly thing freezes you!!
You die...

,,,,,,,,,,,,,,,,,,,,,,,,,,,,,,,,,
,,,,,,,,,.....?.........,,,,,,,,,
,,,,,,,,,...........)....,,,,,,,,
,,,,,,,,,.......$.........,,,,,,,
,,,,,,,,,(.......>..............,
,,,,,,,,,........................
,,,,,,,,,........................
,,,,,,,,,........................
,,,,,,,,,.....<.@uu..=...........
****,,,,,.......#u..###..........
*,**,,**>##.(####....#†#.........
,,,,,,***,#.,,* ##.....†.........
,,**,***,,,,,** ###†#.#.........
,,**** **,,,** #####......... ,**
**,,** ##.#....†.... ** *,,,*
#..(>........ **,** ##.#.........


You could see 3 ugly things.

Vanquished Creatures
  An orc warlord (Orc:2)
  Nessos (D:12)
  Azrael (D:12)
  Josephine (D:13)
  7 vault guards
  3 hydras
  12 two-headed ogres
  An ogre mage (D:15)
  3 boulder beetles
  7 centaur warriors
  3 tengu warriors
  4 orc high priests (Orc:2)
  A skyshark (shapeshifter) (D:13)
  A goliath frog (Lair:5)
  A skyshark (Lair:5)
  A bog body (IceCv)
  6 orc knights
  2 deep elf pyromancers (D:13)
  A necromancer (IceCv)
  4 oklob plants (Lair:1)
  22 ugly things
  8 orc sorcerers
  8 cyclopes
  6 manticores
  The ghost of kmckee the Cleaver, a novice MiFi of Okawaru (D:6)
  4 elephants (Lair:5)
  10 slime creatures
  2 ice statues (IceCv)
  2 black mambas
  2 molten gargoyles (D:13)
  An unseen horror (D:12)
  A gargoyle (D:13)
  11 cane toads
  Psyche (D:12)
  2 rime drakes
  A tengu conjurer (D:15)
  13 komodo dragons
  2 anaconda simulacra (IceCv)
  4 ice devils (IceCv)
  A meliai (shapeshifter) (D:11)
  10 trolls
  3 polar bears (Lair:3)
  2 tyrant leeches (Lair:5)
  24 blink frogs
  A dream sheep (shapeshifter) (D:15)
  7 dream sheep (Lair:4)
  A snapping turtle (Lair:2)
  2 centaur simulacra (D:12)
  2 dire elephant simulacra (IceCv)
  6 shadows
  2 wyverns
  Sigmund (D:2)
  A basilisk (Lair:2)
  A vampire (D:13)
  2 hogs (shapeshifter)
  28 yaks
  5 wraiths
  2 fire elementals (D:12)
  2 redbacks (Lair:3)
  20 vampire mosquitoes
  Menkaure (D:6)
  11 wargs
  4 acid dragons
  5 harpy simulacra (IceCv)
  5 hell hounds (D:12)
  Duvessa (D:6)
  A hydra simulacrum (IceCv)
  7 water moccasins
  A meliai simulacrum (D:12)
  A swamp drake (D:9)
  An ice beast (D:8)
  26 orc warriors
  A sky beast (D:8)
  2 black bears
  3 ogres
  35 wolves
  10 centaurs
  An elf zombie (Ossuary)
  2 kobold brigands
  A phantom (D:5)
  20 bullfrogs
  A necrophage (D:6)
  2 two-headed ogre simulacra (IceCv)
  A cane toad simulacrum (IceCv)
  An elf skeleton (D:7)
  2 gnoll sergeants
  A scorpion (D:7)
  7 wights
  A hornet simulacrum (D:14)
  Dowan (D:6)
  14 killer bees
  2 electric eels
  6 howler monkeys
  5 lava snakes (D:13)
  2 centaur zombies (Ossuary)
  Crazy Yiuf (D:2)
  2 human zombies (D:7)
  20 orc priests
  3 hounds
  A jelly (Lair:4)
  A sleepcap (D:4)
  4 iguanas
  2 human skeletons (D:7)
  28 orc wizards
  7 hell rats (Lair:2)
  A troll simulacrum (IceCv)
  A wolf simulacrum (IceCv)
  3 ogre zombies (Ossuary)
  7 mummies (Ossuary)
  Robin (D:3)
  9 adders
  7 gnolls
  9 river rats (Lair:2)
  A shadow imp (D:5)
  14 white imps
  5 ufetubi
  8 adder zombies (Ossuary)
  4 worms
  6 dart slugs
  61 orcs
  A bat (D:1)
  11 endoplasms
  4 giant cockroaches
  12 goblins
  3 hobgoblins
  2 jackals (D:5)
  15 quokkas
  8 ball pythons
  3 frilled lizards
  A gnoll zombie (Ossuary)
  6 goblin zombies (Ossuary)
  2 hobgoblin zombies (Ossuary)
  15 kobolds
  5 kobold zombies (Ossuary)
  An orc skeleton (D:7)
  2 quokka zombies (Ossuary)
  15 rats
782 creatures vanquished.

Vanquished Creatures (collateral kills)
  A ball lightning (D:14)
1 creature vanquished.

Vanquished Creatures (others)
  5 dream sheep (D:5)
  A wolf (Lair:1)
  An orc priest (Orc:1)
  4 ball lightnings
  45 foxfires (IceCv)
56 creatures vanquished.

Grand Total: 839 creatures vanquished

Notes
Turn   | Place    | Note
-------+----------+-------------------------------------------
     0 | D:1      | Pimp the Tengu Hunter began the quest for the Orb.
     0 | D:1      | Reached XP level 1. HP: 12/12 MP: 2/2
   242 | D:1      | Reached XP level 2. HP: 17/17 MP: 3/3
   695 | D:2      | Noticed Sigmund
   704 | D:1      | Reached XP level 3. HP: 20/21 MP: 4/4
   837 | D:2      | Reached skill level 1 in Armour
  1010 | D:2      | Identified the +3 spear "Limumout" {holy, rF+++ Str+3 Int+3
                  | Stlth-}
  1300 | D:2      | Reached skill level 5 in Ranged Weapons
  1300 | D:2      | Reached XP level 4. HP: 27/27 MP: 5/5
  1335 | D:2      | Identified the +10 falchion "Xixon" {vamp, rPois Int+3}
  1472 | D:2      | Found a runed translucent door.
  1473 | D:2      | Noticed Crazy Yiuf
  1590 | D:2      | Killed Sigmund
  1591 | D:2      | Gained mutation: Your magical nature lets you fly swiftly
                  | and evasively. [Tengu growth]
  1591 | D:2      | Reached XP level 5. HP: 24/32 MP: 6/6
  1591 | D:2      | Reached XP level 6. HP: 27/36 MP: 7/7
  1790 | D:2      | Killed Crazy Yiuf
  1799 | D:2      | Identified the +9 hammer of Disarray {spect, Str+4}
  2036 | D:3      | Identified the +1 helmet of Moral Flaws {Int+2}
  2036 | D:3      | Noticed Robin
  2038 | D:3      | Killed Robin
  2344 | D:3      | Reached skill level 1 in Long Blades
  2522 | D:3      | Found a white marble altar of Elyvilon.
  3234 | D:4      | Reached XP level 7. HP: 37/41 MP: 8/8
  4244 | D:5      | Entered Level 5 of the Dungeon
  4701 | D:5      | Found a staircase to the Ecumenical Temple.
  4826 | D:5      | Reached XP level 8. HP: 43/48 MP: 9/9
  4853 | D:5      | Identified the staff of poison "Defypred" {rPois rN+ Will+
                  | Str-4 Int+4}
  5043 | D:5      | Noticed a dream sheep
  5043 | D:5      | Noticed a dream sheep
  5043 | D:5      | Noticed a dream sheep
  5043 | D:5      | Noticed a dream sheep
  5043 | D:5      | Noticed a dream sheep
  5043 | D:5      | Found a shimmering altar of Xom.
  5047 | D:5      | Killed a dream sheep
  5047 | D:5      | Killed a dream sheep
  5047 | D:5      | Killed a dream sheep
  5048 | D:5      | Killed a dream sheep
  5049 | D:5      | Killed a dream sheep
  5127 | D:6      | Found a basalt altar of Yredelemnul.
  5366 | D:6      | Noticed a two-headed ogre
  5394 | D:6      | HP: 1/48 [two-headed ogre/+0 giant club (14)]
  5396 | D:6      | Killed a two-headed ogre
  5397 | D:6      | Reached skill level 5 in Long Blades
  5397 | D:6      | Reached skill level 5 in Dodging
  5605 | D:6      | Reached skill level 5 in Armour
  5605 | D:6      | Reached XP level 9. HP: 48/53 MP: 10/10
  5630 | D:6      | Reached skill level 5 in Stealth
  5657 | D:6      | Noticed Dowan
  5663 | D:6      | Noticed Duvessa
  5665 | D:6      | Killed Dowan
  5670 | D:6      | Killed Duvessa
  5763 | D:6      | Found a glowing silver altar of Zin.
  5763 | D:6      | Found an opulent altar of Gozag.
  5852 | D:6      | Found a runed translucent door.
  5857 | D:6      | Noticed kmckee's ghost (novice MiFi)
  5943 | D:6      | Noticed Menkaure
  5945 | D:6      | Found a blossoming altar of Fedhas.
  5950 | D:6      | Killed Menkaure
  5951 | D:6      | Reached skill level 5 in Fighting
  6254 | D:6      | Killed kmckee's ghost
  6525 | Temple   | Entered the Ecumenical Temple
  6644 | Temple   | Became a worshipper of Vehumet
  7079 | D:7      | Found a hide-covered altar of Uskayaw.
  7133 | D:7      | Found a sand-covered staircase.
  7148 | Ossuary  | Entered an ossuary
  7288 | Ossuary  | Reached * piety under Vehumet
  7288 | Ossuary  | Offered knowledge of Shock by Vehumet.
  7291 | Ossuary  | Learned a level 1 spell: Shock
  7416 | Ossuary  | Reached skill level 1 in Air Magic
  7670 | Ossuary  | Reached skill level 1 in Conjurations
  7793 | D:7      | Found a runed translucent gate.
  7793 | D:7      | Found a runed translucent gate.
  7795 | D:7      | Found a runed translucent gate.
  7911 | D:7      | Reached ** piety under Vehumet
  7911 | D:7      | Offered knowledge of Momentum Strike by Vehumet.
  7952 | D:7      | Found a broken altar of Ashenzari.
  8074 | D:7      | Noticed pigah's ghost (novice OpAE)
  8107 | D:7      | Found an ornate altar of the Wu Jian Council.
  8262 | D:7      | Found a hazy altar of Hepliaklqana.
  8430 | D:8      | Reached skill level 1 in Spellcasting
  8443 | D:8      | Reached XP level 10. HP: 60/60 MP: 12/12
  8496 | D:8      | Reached skill level 2 in Air Magic
  8826 | D:8      | Found a bloodstained altar of Trog.
  8836 | D:8      | Offered knowledge of Poisonous Vapours by Vehumet.
  8929 | D:8      | Found a shadowy altar of Dithmenos.
  9080 | D:8      | Got the Discursus on the Panacea and Ouranomancy
  9134 | D:9      | Reached skill level 3 in Air Magic
  9175 | D:9      | Found a glowing golden altar of the Shining One.
  9413 | D:9      | Reached *** piety under Vehumet
  9414 | D:9      | Found a staircase to the Lair.
  9426 | D:9      | Reached skill level 4 in Air Magic
  9684 | D:9      | Found a burning altar of Makhleb.
 10054 | D:10     | Entered Level 10 of the Dungeon
 10549 | D:10     | Reached XP level 11. HP: 66/66 MP: 16/16
 10766 | D:10     | Noticed a two-headed ogre
 10780 | D:10     | Killed a two-headed ogre
 10781 | D:10     | Reached skill level 5 in Conjurations
 10781 | D:10     | Reached skill level 5 in Air Magic
 11569 | D:11     | Noticed a boulder beetle
 11601 | D:11     | Killed a boulder beetle
 11733 | D:11     | Noticed a cyclops
 11740 | D:11     | Killed a cyclops
 11793 | D:11     | Noticed a two-headed ogre
 11800 | D:11     | Killed a two-headed ogre
 11805 | D:11     | Offered knowledge of Sticky Flame by Vehumet.
 11922 | D:11     | Noticed a two-headed ogre
 11937 | D:11     | Killed a two-headed ogre
 11946 | D:11     | Reached skill level 6 in Air Magic
 12105 | D:11     | Noticed a centaur warrior
 12105 | D:11     | Noticed a tengu warrior
 12110 | D:11     | Gained mutation: You are agile. (Dex +4, Str/Int -1)
                  | [potion of mutation]
 12110 | D:11     | Gained mutation: You are weak. (Str -2) [potion of
                  | mutation]
 12110 | D:11     | Gained mutation: You sometimes lose your temper in combat.
                  | [potion of mutation]
 12111 | D:11     | Lost mutation: You are agile. (Dex +4, Str/Int -1) [potion
                  | of mutation]
 12111 | D:11     | Lost mutation: You sometimes lose your temper in combat.
                  | [potion of mutation]
 12111 | D:11     | Gained mutation: Your spells are a little harder to cast,
                  | but a little more powerful. [potion of mutation]
 12111 | D:11     | Gained mutation: Your magical capacity is low. (-10% MP)
                  | [potion of mutation]
 12111 | D:11     | Gained mutation: You are strong-willed. (Will+) [potion of
                  | mutation]
 12111 | D:11     | Gained mutation: You are partially covered in iridescent
                  | scales. (AC +2) [potion of mutation]
 12113 | D:11     | Noticed an orc knight
 12113 | D:11     | Noticed a cyclops
 12124 | D:11     | Killed a tengu warrior
 12125 | D:11     | Reached skill level 10 in Dodging
 12130 | D:11     | Killed a cyclops
 12133 | D:11     | Noticed a tengu warrior
 12133 | D:11     | Noticed a fire crab
 12138 | D:11     | Killed an orc knight
 12138 | D:11     | Noticed a cyclops
 12147 | D:11     | Killed a tengu warrior
 12148 | D:11     | Reached XP level 12. HP: 25/73 MP: 16/17
 12185 | D:11     | Killed a centaur warrior
 12288 | D:11     | Reached skill level 7 in Air Magic
 12664 | D:11     | Noticed a boulder beetle
 12697 | D:11     | Killed a boulder beetle
 12698 | D:11     | Reached skill level 5 in Spellcasting
 12766 | D:11     | Reached **** piety under Vehumet
 12848 | D:11     | Noticed a two-headed ogre
 12861 | D:11     | Killed a two-headed ogre
 13006 | D:11     | Offered knowledge of Freezing Cloud by Vehumet.
 13527 | D:12     | Noticed Psyche
 13530 | D:12     | Found a frozen archway.
 13530 | D:12     | Found Uzoiqygir's Weapon Shoppe.
 13537 | D:12     | Killed Psyche
 13538 | D:12     | Reached skill level 8 in Air Magic
 13792 | D:12     | Reached skill level 10 in Long Blades
 13865 | D:12     | Reached XP level 13. HP: 78/79 MP: 16/20
 13872 | D:12     | Reached ***** piety under Vehumet
 13872 | D:12     | Offered knowledge of Arcjolt by Vehumet.
 13886 | D:12     | Learned a level 5 spell: Arcjolt
 13891 | D:12     | Learned a level 4 spell: Flame Wave
 13894 | IceCv    | Entered an ice cave
 13897 | IceCv    | Learned a level 1 spell: Foxfire
 14932 | D:12     | Reached skill level 9 in Air Magic
 14964 | D:12     | Found a staircase to the Orcish Mines.
 15586 | D:12     | Noticed Nessos
 15611 | D:12     | Killed Nessos
 15946 | D:12     | Reached skill level 10 in Air Magic
 16031 | D:12     | Noticed Azrael
 16066 | D:12     | Killed Azrael
 16521 | D:13     | Reached skill level 10 in Conjurations
 16646 | D:13     | Reached XP level 14. HP: 86/86 MP: 22/22
 16686 | D:13     | Offered knowledge of Airstrike by Vehumet.
 16695 | D:13     | Learned a level 4 spell: Airstrike
 16770 | D:13     | Noticed Josephine
 16779 | D:13     | Killed Josephine
 16780 | D:13     | Reached skill level 11 in Air Magic
 17039 | D:13     | Found a gate to the Vaults.
 17159 | Orc:1    | Entered Level 1 of the Orcish Mines
 18275 | Orc:2    | Entered Level 2 of the Orcish Mines
 18824 | Orc:2    | Noticed an orc warlord
 18973 | Orc:2    | Offered knowledge of Iron Shot by Vehumet.
 18976 | Orc:2    | Reached skill level 12 in Air Magic
 19056 | Orc:1    | Reached skill level 10 in Fighting
 19147 | Orc:2    | Found a staircase to the Elven Halls.
 19342 | Orc:2    | Killed an orc warlord
 20085 | Orc:2    | Found Harihikk's General Store.
 20089 | Orc:2    | Found Ereczush's Magic Scroll Shoppe.
 20093 | Orc:2    | Bought a scroll of enchant weapon for 90 gold pieces
 20095 | Orc:2    | Bought a scroll of enchant armour for 97 gold pieces
 20095 | Orc:2    | Bought a scroll of enchant armour for 97 gold pieces
 20095 | Orc:2    | Found Duff's Antique Weapon Shoppe.
 20097 | Orc:2    | Found Kint's Magic Scroll Boutique.
 20103 | Orc:2    | Bought a pitted great sword for 264 gold pieces
 20103 | Orc:2    | Identified the +6 great sword of Ceoss {speed, *Slow rC+
                  | SInv} (You bought it in a shop on level 2 of the Orcish
                  | Mines)
 20130 | Orc:2    | Bought a +3 double sword of holy wrath for 528 gold pieces
 20403 | Lair:1   | Entered Level 1 of the Lair of Beasts
 21319 | Lair:1   | Identified the amulet "Ditran" {Reflect rCorr Int+6 Dex-5
                  | Slay+2 SH+5}
 21717 | Lair:2   | Found a burning altar of Makhleb.
 22079 | Lair:2   | Reached skill level 13 in Air Magic
 22083 | Lair:2   | Reached XP level 15. HP: 54/92 MP: 25/25
 22231 | Lair:2   | Found a staircase to the Shoals.
 22389 | Lair:2   | Offered knowledge of Conjure Ball Lightning by Vehumet.
 22397 | Lair:2   | Learned a level 6 spell: Conjure Ball Lightning
 23279 | Lair:3   | Found a hole to the Spider Nest.
 24177 | Lair:3   | Lost mutation: Your magical capacity is low. (-10% MP)
                  | [potion of mutation]
 24177 | Lair:3   | Lost mutation: Your spells are a little harder to cast, but
                  | a little more powerful. [potion of mutation]
 24177 | Lair:3   | Lost mutation: You are partially covered in iridescent
                  | scales. (AC +2) [potion of mutation]
 24177 | Lair:3   | Gained mutation: You are covered in fur. (AC +1) [potion of
                  | mutation]
 24539 | Lair:4   | Found a runed translucent door.
 24540 | Lair:4   | Found a staircase to the Slime Pits.
 24794 | Lair:5   | Entered Level 5 of the Lair of Beasts
 24815 | Lair:5   | Reached skill level 14 in Air Magic
 24974 | Lair:5   | Offered knowledge of Yara's Violent Unravelling by Vehumet.
 25556 | Lair:5   | Reached skill level 15 in Air Magic
 27095 | D:14     | You are sucked into a shaft and drop 1 floor!
 27095 | D:15     | Entered Level 15 of the Dungeon
 27310 | D:15     | Offered knowledge of Iskenderun's Battlesphere by Vehumet.
 27311 | D:15     | Reached XP level 16. HP: 100/100 MP: 30/30
 27313 | D:15     | Reached skill level 16 in Air Magic
 27700 | D:14     | Learned a level 5 spell: Iskenderun's Battlesphere
 28178 | D:14     | Mangled by a white ugly thing

Illustrated notes

Levels and vault maps discovered:
D:1:      dpeg_arrival_boxes_within_box, layout_basic
D:2:      layout_basic, uniq_crazy_yiuf_cottage, uniq_sigmund
D:3:      layout_basic, mainiacjoe_overflow_boulevard, kennysheep_pointless_box,
          uniq_robin
D:4:      layout_basic
D:5:      layout_cave_pods, kb_xom_exploding_sheep,
          minmay_temple_entry_glassed_door
D:6:      layout_basic, grunt_temple_overflow_gold_and_silver,
          fedhas_altar_decomposition, overflow_temple_1_default,
          ebering_ghost_reflecting_pool, uniq_duvessa, uniq_menkaure
D:7:      layout_rooms, ashenzari_conservatory_becter,
          nzn_wu_jian_contemplation, eat_drink_and_be_merry_uskayaw,
          nicolae_hepliaklqana_hippocampus, nicolae_ossuary_entry_catacombs,
          gammafunk_ghost_icy, minivault_25
D:8:      layout_loops_cross, mainiacjoe_overflow_tiny_flanked,
          mainiacjoe_overflow_surrounded_room, hex_tiny
D:9:      layout_long_grid, mainiacjoe_overflow_paths,
          mainiacjoe_overflow_small_starburst, erik_lair_dragon
D:10:     layout_stronghold
D:11:     minmay_the_grid_triangle_9x9_rhombus_thin
          [minmay_the_grid_triangle_9x9_negative_grid,
          minmay_the_grid_triangle_9x9_prize_schism,
          minmay_the_grid_triangle_9x9_skeleton,
          minmay_the_grid_triangle_9x9_alien], layout_stronghold
D:12:     cheibrodos_barr_body, layout_loops_ring,
          minmay_orc_entry_temple_small, portal_ice_cave_entry_imps,
          serial_shops, shop, serial_ice, serial_ice_e, serial_ice_b,
          serial_ice_f, serial_ice_a, kennysheep_cross_room, uniq_azrael,
          uniq_nessos, uniq_psyche
D:13:     cheibrodos_magma_flow, layout_rooms, erik_vaults_2, drop_trap,
          uniq_josephine
D:14:     layout_cross, chequers_serial_rivers_large_a
D:15:     grunt_enter_depths_magical_seal, layout_long_grid,
          serial_park_tiny_pond
Temple:   hellmonk_temple_beads
Lair:1:   minmay_lair_oklob_tunnel, layout_loops_ring, minivault_23
Lair:2:   lemuel_ratsnest, layout_layer_cave, minmay_shoals_entry_hut,
          basic_altar, chequers_serial_rivers_micro_c, grunt_megastairs_5,
          infiniplex_staircase_pool
Lair:3:   layout_cave_pods, spider_nest_entry_webs, st_stairs_5
Lair:4:   layout_cave_shapes, slime_entry_2
Lair:5:   minmay_lair_end_frog_pond, layout_regular_city
Orc:1:    cheibrodos_orc_guarddog, layout_caves, nicolae_orc_lost_temple
Orc:2:    st_orc_elflike, layout_caves, mines5_lemuel

Skill      XL: |  1  2  3  4  5  6  7  8  9 10 11 12 13 14 15 16 |
---------------+-------------------------------------------------+-----
Armour         | 1 2 3 4 5 6 |  6.3
Ranged Weapons | 5 6 |  6.7
Dodging        | 3 4 5 6 8 10 11 12 13 | 13.5
Stealth        | 2 3 4 5 |  5.4
Fighting       | 3 4 5 6 7 8 9 10 11 | 11.8
Long Blades    | 2 4 5 7 8 9 10 11 | 11.7
Air Magic      | 1 4 6 8 10 13 15 16 | 16.6
Conjurations   | 1 4 6 8 10 11 13 | 13.5
Spellcasting   | 1 3 4 5 6 7 9 |  9.5

Action                     |  1- 3 |  4- 6 |  7- 9 | 10-12 | 13-15 | 16-18 || total
---------------------------+-------+-------+-------+-------+-------+-------++-------
  Melee: Falchion          |       |    12 |    71 |   451 |  1014 |   104 ||  1652
         Peck              |       |     2 |    38 |   126 |   313 |    34 ||   513
         Kick              |       |     1 |    67 |   194 |   471 |    56 ||   789
         Punch             |       |     1 |     5 |     6 |    11 |     3 ||    26
         Spear             |       |       |   118 |     3 |    18 |       ||   139
         Scimitar          |       |       |       |       |     8 |       ||     8
         Great sword       |       |       |       |       |    10 |       ||    10
         Long sword        |       |       |       |       |     5 |       ||     5
         Double sword      |       |       |       |       |     3 |     7 ||    10
   Fire: Shortbow          |    86 |   100 |    82 |   101 |   214 |    19 ||   602
         Arbalest          |       |       |       |       |    60 |       ||    60
         Longbow           |       |       |       |       |   184 |       ||   184
   Cast: Shock             |       |       |       |     7 |       |       ||     7
         Foxfire           |       |       |       |       |    29 |       ||    29
         Flame Wave        |       |       |       |       |     2 |       ||     2
         Conjure Ball Ligh |       |       |       |       |     1 |     2 ||     3
  Evoke: Wand              |       |       |       |       |     6 |       ||     6
    Use: Scroll            |     4 |     5 |    10 |    11 |    13 |     4 ||    47
         Potion            |     1 |       |       |    10 |     7 |     2 ||    20
   Stab: Sleeping          |       |       |    12 |     7 |    20 |       ||    39
         Distracted        |       |       |       |       |     2 |       ||     2
         Invisible         |       |       |       |       |     6 |       ||     6
 Armour: Leather armour    |     1 |     6 |     3 |       |       |       ||    10
         Chain mail        |    35 |       |       |       |       |       ||    35
         Ring mail         |       |       |    18 |    32 |       |       ||    50
         Acid dragon scale |       |       |       |    60 |   196 |    24 ||   280
  Dodge: Dodged            |    18 |    35 |   160 |   629 |  1415 |   153 ||  2410
  Block: Other             |       |       |       |       |    92 |    25 ||   117
         Reflection        |       |       |       |       |     1 |     2 ||     3
